 Dungeon Crawl Stone Soup version 0.27-a0-46-g34d46f0a3f (webtiles) character file.

Game seed: 8258402484914493301

144 Borgoz the Skirmisher (level 5, -1/46 HPs)
             Began as a Ghoul Monk on Jan 6, 2021.
             Killed from afar by an orc wizard (3 damage)
             ... with a magic dart
             ... on level 4 of the Dungeon.
             The game lasted 00:02:44 (2595 turns).

Borgoz the Skirmisher (Ghoul Monk)                  Turns: 2595, Time: 00:02:45

Health: -1/46      AC:  5    Str: 13 (15) XL:     5   Next: 27%
Magic:  4/4        EV: 12    Int:  5      God:
Gold:   151        SH:  0    Dex: 12      Spells: 4/4 levels left

rFire    . . .     SeeInvis .     - Unarmed
rCold    + . .     Faith    .   (no shield)
rNeg     + + +     Spirit   .   b - +0 ring mail
rPois    ∞         Reflect  .   (no helmet)
rElec    .         Harm     .   (no cloak)
rCorr    .         Rampage  .   (no gloves)
Will     ++...                  (no boots)
Stlth    +.........             (no amulet)
HPRegen  0.00/turn              e - ring of willpower
MPRegen  0.09/turn              m - ring of willpower

@: flying, very slightly contaminated, hasted, invisible, very quick
A: claws 1, cold resistance 1, negative energy resistance 3, inhibited
regeneration, torment resistance, unbreathing
a: no special abilities


You were on level 4 of the Dungeon.
You visited 1 branch of the dungeon, and saw 4 of its levels.

You collected 151 gold pieces.

Inventory:

Armour
 b - a +0 ring mail (worn)
Jewellery
 e - a ring of willpower (left claw)
 m - a ring of willpower (right claw)
 n - an uncursed ring of ice
Scrolls
 h - 4 scrolls of remove curse
 j - 3 scrolls of teleportation
 k - a scroll of fog {unknown}
 o - a scroll of immolation {unknown}
Potions
 c - a potion of mutation


   Skills:
 + Level 4.2 Fighting
 * Level 4.2 Dodging
 - Level 2.1 Stealth
 + Level 4.2 Unarmed Combat


You had 4 spell levels left.
You didn't know any spells.
Your spell library was empty.

Dungeon Overview and Level Annotations

Branches:
Dungeon (4/15)
 Temple: D:4-7

Altars:


Innate Abilities, Weirdness & Mutations

You thrive by killing the living.
You are immune to poison.
You have sharp fingernails.
Your flesh is cold resistant. (rC+)
You are immune to negative energy. (rN+++)
You do not regenerate when monsters are visible.
You are immune to unholy pain and torment.
You can survive without breathing.


Message History

The orc wizard is moderately wounded.
You closely miss the orc wizard.
The orc wizard is moderately wounded.
The orc wizard casts a spell.
The orc wizard blinks!
Things that are here:
a +0 short sword; a +0 dagger; a cursed +0 robe The orc wizard points at you and mumbles some strange words.
The magic dart hits you.
* * * LOW HITPOINT WARNING * * *
You fade into invisibility!
The orc wizard barely misses you.
You are very lightly contaminated with residual magic.
You scratch the orc wizard.
The orc wizard is severely wounded.
You closely miss the orc wizard.
The orc wizard is severely wounded.
The orc wizard casts a spell at you. The magic dart hits you.
You die...

#........###.# ..#
#.........#.# ..#
+.........#.# #.#
#.........#.# #.#
#....#....#.# # #o#
#....#...##.# ... #.#
#.####....#.####
#....##.###.#######.#.....
#.....o@...#......#.####
#.###.####.#.####.#.# #
.... #..#.##...#.# #
###.#.#..#.##.###.# #
#.#.#..#.##.# ### # #.#
#..#.##.# # #.# #..#.##.#
# #.# #..#.##.# #
#.<..##.# #


You could see an orc wizard (fast).

Vanquished Creatures
  2 adders
  A shadow imp (D:3)
  2 oozes
  2 worms
  3 dart slugs
  2 leopard geckos
  2 orcs
  2 giant cockroaches
  10 goblins
  8 hobgoblins
  2 jackals (D:1)
  8 kobolds
  4 quokkas
  8 bats
  3 frilled lizards
  8 rats
67 creatures vanquished.

Vanquished Creatures (others)
  An orc wizard (D:4)
1 creature vanquished.

Grand Total: 68 creatures vanquished

Notes
Turn   | Place    | Note
-------+----------+-------------------------------------------
     0 | D:1      | Borgoz the Ghoul Monk began the quest for the Orb.
     0 | D:1      | Reached XP level 1. HP: 19/19 MP: 0/0
   345 | D:1      | Reached XP level 2. HP: 26/26 MP: 1/1
   763 | D:1      | Reached XP level 3. HP: 31/31 MP: 2/2
  1337 | D:2      | Reached XP level 4. HP: 27/40 MP: 3/3
  2463 | D:4      | Reached XP level 5. HP: 46/46 MP: 4/4
  2592 | D:4      | HP: 2/46 [orc wizard/magic dart (4)]
  2595 | D:4      | Killed from afar by an orc wizard

Illustrated notes

Levels and vault maps discovered:
D:1:      minmay_arrival_open_corners, layout_loops_ring, grunt_decor_fettered
D:2:      layout_loops_ring
D:3:      layout_basic
D:4:      layout_basic, uniq_eustachio

Skill      XL: |  1  2  3  4 |
---------------+-------------+-----
Dodging        | 3 4 |  4.2
Unarmed Combat | 4 |  4.2
Fighting       | 4 |  4.2
Stealth        | |  2.1

Action                   |  1- 3 |  4- 6 || total
-------------------------+-------+-------++-------
Melee: Unarmed           |   118 |   103 ||   221
       Punch             |       |     2 ||     2
  Use: Scroll            |     2 |     2 ||     4
       Potion            |       |     6 ||     6
 Stab: Sleeping          |       |     1 ||     1
Armor: Robe              |     1 |       ||     1
       Ring mail         |    35 |    27 ||    62
Dodge: Dodged            |    72 |    42 ||   114

Table legend: (Time is in decaauts)
 A = Elapsed time spent in this place.
 B = Non-inter-level travel time spent in this place.
 C = Inter-level travel time spent in this place.
 D = Time resting spent in this place.
 E = Time spent auto-exploring this place.
 F = Levels seen in this place.
 G = Mean time per level.
                   A        B        C        D        E       F      G
               +--------+--------+--------+--------+--------+-----+--------+
         Total |   2571 |   2505 |     66 |    273 |   1779 |   4 |  642.8 |
       Dungeon |   2571 |   2505 |     66 |    273 |   1779 |   4 |  642.8 |
               +--------+--------+--------+--------+--------+-----+--------+

Top non-repeatable levels by time:
     D:1: 1056 daAuts
     D:2: 718 daAuts
     D:3: 649 daAuts
     D:4: 148 daAuts
